 Dungeon Crawl Stone Soup version 0.29.1-15-g9cfb28693d (webtiles) character file.

Game seed: 4689514013964404442

7794 javelincjr the Magician (level 11, -3/78 HPs)
             Began as a Demonspawn Hedge Wizard on Mar 28, 2023.
             Was a Priest of Sif Muna.
             Slain by a six-headed hydra (14 damage)
             ... on level 11 of the Dungeon on Mar 29, 2023.
             The game lasted 01:16:37 (13631 turns).

javelincjr the Magician (Demonspawn Hedge Wizard)  Turns: 13631, Time: 01:16:38

Health: -3/78      AC:  7    Str: 13    XL:     11   Next: 1%
Magic:  12/19      EV: 16    Int: 17    God:    Sif Muna [***...]
Gold:   631        SH:  6    Dex: 19    Spells: 10/21 levels left

rFire   . . .      SeeInvis +   T - +0 trident (flame)
rCold   . . .      Faith    .   s - +0 buckler
rNeg    . . .      Spirit   .   L - +0 steam dragon scales
rPois   .          Reflect  .   c - +0 hat
rElec   .          Harm     .   (no cloak)
rCorr   .          Rampage  .   (no gloves)
Will    .....                   h - +0 pair of boots
Stlth   ++........              (no amulet)
HPRegen 0.23/turn               t - +6 ring of dexterity
MPRegen 0.32/turn               R - ring of see invisible

@: on blink cooldown
A: repulsion field 1, magic regeneration, demonic magic 1, weakness stinger 1
a: Renounce Religion, Channel Magic, Forget Spell


You were on level 11 of the Dungeon.
You worshipped Sif Muna.
Sif Muna was most pleased with you.
You visited 2 branches of the dungeon, and saw 12 of its levels.

You collected 631 gold pieces.

Inventory:

Hand Weapons
 p - a +1 vampiric dagger
 q - a +2 flail of draining
 r - the +3 sling "Zann" {vorpal, Dex+4}
   (You found it on level 4 of the Dungeon)

   Any ammunition fired from it inflicts extra damage upon your enemies.
   Dex:       It affects your dexterity (+4).
 w - the +3 sling "Lutaixum" {venom, rElec rN+}
   (You found it on level 4 of the Dungeon)

   Any ammunition fired from it poisons the flesh of those it strikes.
   rElec:     It insulates you from electricity.
   rN:        It protects you from negative energy.
 O - a +2 short sword of draining
 T - a +0 trident of flaming (weapon)
Missiles
 a - 3 curare-tipped darts
 f - 28 poisoned darts
 E - 5 javelins
Armour
 b - a +0 robe
 c - a +0 hat (worn)
 h - a +0 pair of boots (worn)
 s - a +0 buckler (worn)
 L - +0 steam dragon scales (worn)
 W - a +4 ring mail
Magical Staves
 i - a staff of death
 Q - a staff of conjuration
Jewellery
 t - a +6 ring of dexterity (left hand)
 u - a ring of flight
 K - a ring of poison resistance
 R - a ring of see invisible (right hand)
Wands
 n - a wand of flame (24)
 z - a wand of digging (7)
 F - a wand of mindburst (33)
 N - a wand of roots (20)
Scrolls
 g - 2 scrolls of amnesia
 l - 2 scrolls of teleportation
 o - 2 scrolls of fog
 x - 3 scrolls of enchant weapon
 y - a scroll of brand weapon
 A - 5 scrolls of enchant armour
 D - a scroll of vulnerability
 G - 2 scrolls of poison
 I - 3 scrolls of immolation
 M - a scroll of torment
 P - a scroll of noise
 S - a scroll of identify
 U - a scroll of blinking {unknown}
 X - a scroll of magic mapping {unknown}
Potions
 d - 3 potions of magic
 e - a potion of heal wounds
 j - a potion of resistance {unknown}
 k - a potion of might
 m - 8 potions of curing
 v - a potion of mutation
 B - a potion of ambrosia
 C - a potion of haste
 H - 2 potions of berserk rage
 J - a potion of brilliance {unknown}
 V - a potion of invisibility {unknown}
 Y - 3 potions of attraction {unknown}


   Skills:
 + Level 4.9 Fighting
 + Level 3.5 Ranged Weapons
 + Level 4.5 Armour
 + Level 5.0 Dodging
 - Level 1.7 Stealth
 + Level 4.2 Shields
 + Level 5.6 Spellcasting
 + Level 5.2 Conjurations
 + Level 5.1 Summonings
 + Level 5.3 Necromancy
 + Level 4.6 Translocations
 + Level 4.1 Ice Magic
 + Level 2.0 Air Magic
 + Level 2.3 Poison Magic


You had 10 spell levels left.
You knew the following spells:

 Your Spells              Type           Power      Damage    Failure   Level
a - Magic Dart            Conj           88%        1d7       1%          1
b - Call Imp              Summ           22%        N/A       3%          2
c - Blink                 Tloc           40%        N/A       3%          2
d - Freeze                Ice            72%        1d9       3%          1
e - Poisonous Vapours     Pois/Air       24%        N/A       11%         2
f - Mephitic Cloud        Conj/Pois/Air  15%        N/A       14%         3

Your spell library contained the following spells:

 Spells                   Type           Power      Damage    Failure   Level
 Frozen Ramparts          Ice            36%        1d6       9%          3
 Beastly Appendage        Tmut           8%         N/A       17%         1
 Slow                     Hex            16%        N/A       17%         1
 Conjure Flame            Conj/Fire      13%        6-21      17%         3
 Summon Guardian Golem    Hex/Summ       13%        N/A       19%         3
 Hailstorm                Conj/Ice       20%        3d6       24%         4
 Wereblood                Tmut           4%         N/A       26%         2
 Spider Form              Tmut/Pois      8%         N/A       30%         3
 Corpse Rot               Necr/Pois/Air  15%        N/A       41%         4
 Confusing Touch          Hex            4%         N/A       45%         3
 Yara's Violent Unravell  Hex/Tmut       2%         3d3       99%         5
 Enfeeble                 Hex            2%         N/A       100%        7
 Orb of Destruction       Conj           11%        9d6       100%        7
 Spellforged Servitor     Conj/Summ      11%        N/A       100%        7


Dungeon Overview and Level Annotations

Branches:
Dungeon (11/15)            Temple (1/1) D:5            Lair (0/5) D:8
    Orc: D:9-12

Altars:
Ashenzari
Cheibriados
Dithmenos
Fedhas
Gozag
Hepliaklqana
Kikubaaqudgha
Makhleb
Nemelex Xobeh
Okawaru
Qazlal
Ru
Sif Muna
Trog
Uskayaw
Vehumet
Wu Jian
Xom
Yredelemnul

Shops:
D:6 !   D:8 (


Innate Abilities, Weirdness & Mutations

You are surrounded by a mild repulsion field. (EV +2)
You regenerate magic rapidly.
Spells you cast may paralyse adjacent enemies.
You have a small tail.


Message History

Casting: Freeze (safe; 3% risk of failure)
Confirm with . or Enter, or press ? or * to list all spells.
Aiming: Freeze (safe; 3% risk of failure)
Press: ? - help, Shift-Dir - straight line, f/p - six-headed hydra
Aim: a six-headed hydra (moderately wounded)
You freeze the six-headed hydra.
The six-headed hydra is moderately wounded.
Malevolent energies surge around you.
The six-headed hydra suddenly stops moving!
The helpless six-headed hydra fails to defend itself.
You hit the six-headed hydra. You burn the six-headed hydra.
You tail-slap the six-headed hydra, but do no damage.
The six-headed hydra is moderately wounded.
The helpless six-headed hydra fails to defend itself.
You hit the six-headed hydra. You burn the six-headed hydra.
The six-headed hydra is heavily wounded.
The helpless six-headed hydra fails to defend itself.
You hit the six-headed hydra. You burn the six-headed hydra.
You tail-slap the six-headed hydra.
The six-headed hydra is heavily wounded.
The six-headed hydra is no longer paralysed.
The six-headed hydra closely misses you.
The six-headed hydra bites you but does no damage.
You block the six-headed hydra's attack.
The six-headed hydra bites you.
You block the six-headed hydra's attack.
The six-headed hydra bites you! The six-headed hydra misses you.
The six-headed hydra barely misses you.
The six-headed hydra closely misses you.
The six-headed hydra bites you!
* * * LOW HITPOINT WARNING * * *
The six-headed hydra bites you!
* * * LOW HITPOINT WARNING * * *
The six-headed hydra misses you.
Casting: Freeze (safe; 3% risk of failure)
Confirm with . or Enter, or press ? or * to list all spells.
You blink.
Malevolent energies surge around you.
You block the six-headed hydra's attack.
The six-headed hydra misses you. The six-headed hydra bites you!
You die...

## .# .#
.# .#
##.####.#
#.......#
#@######
#.D.)..#
#.ยง#.#.#
#.....<#
####.###
... #.#.
#.#. #.#
#


You could see a six-headed hydra.

Vanquished Creatures
  Maggie (D:7)
  2 polar bears (D:10)
  A shadow (D:10)
  15 yaks
  A steam dragon (D:8)
  5 orc warriors
  2 sky beasts
  4 ice beasts
  4 centaurs
  3 wolves (D:10)
  5 kobold brigands
  5 bullfrogs
  2 necrophages (D:5)
  2 gnoll sergeants (D:9)
  3 scorpions (D:7)
  A wight (D:8)
  12 killer bees
  2 electric eels (D:10)
  A howler monkey (D:5)
  2 jellies
  2 hounds
  6 orc priests
  A gnoll bouda (D:6)
  3 iguanas
  11 orc wizards
  A centaur simulacrum (D:10)
  13 gnolls
  13 adders
  2 river rats (D:6)
  A shadow imp (D:7)
  A white imp (D:10)
  2 ufetubi
  3 worms
  8 dart slugs
  18 orcs
  7 endoplasms
  7 giant cockroaches
  5 goblins
  4 hobgoblins
  23 kobolds
  7 quokkas
  10 ball pythons
  8 bats
  2 frilled lizards (D:1)
  6 rats
237 creatures vanquished.

Vanquished Creatures (collateral kills)
  2 bullfrogs
  A killer bee (D:8)
  A gnoll (D:6)
  An adder (D:6)
  3 orcs
  3 kobolds
11 creatures vanquished.

Vanquished Creatures (others)
  2 fungi (D:8)
2 creatures vanquished.

Grand Total: 250 creatures vanquished

Notes
Turn   | Place    | Note
-------+----------+-------------------------------------------
     0 | D:1      | javelincjr the Demonspawn Hedge Wizard began the quest for
                  | the Orb.
     0 | D:1      | Reached XP level 1. HP: 13/13 MP: 4/4
    51 | D:1      | Noticed a polar bear
    51 | D:1      | Noticed a black mamba
    51 | D:1      | Noticed a wyvern
    52 | D:1      | Noticed a swamp worm
    52 | D:1      | Noticed an iguana
   270 | D:1      | Reached skill level 1 in Translocations
   377 | D:1      | Gained mutation: You are surrounded by a mild repulsion
                  | field. (EV +2) [demonic ancestry]
   377 | D:1      | Reached XP level 2. HP: 14/19 MP: 0/6
   522 | D:1      | Found a faded altar of an unknown god.
  1207 | D:1      | Gained mutation: Spells you cast may paralyse adjacent
                  | enemies. [demonic ancestry]
  1207 | D:1      | Reached XP level 3. HP: 25/25 MP: 3/7
  2839 | D:3      | Found a stormy altar of Qazlal.
  3176 | D:3      | Gained mutation: You regenerate magic rapidly. [demonic
                  | ancestry]
  3176 | D:3      | Reached XP level 4. HP: 15/31 MP: 3/8
  3255 | D:3      | Learned a level 2 spell: Call Imp
  3258 | D:3      | Learned a level 2 spell: Blink
  3260 | D:3      | Learned a level 1 spell: Freeze
  3833 | D:3      | Reached skill level 1 in Fighting
  3833 | D:3      | Reached skill level 1 in Armour
  4189 | D:3      | Gained mutation: You have a small tail. [demonic ancestry]
  4189 | D:3      | Reached XP level 5. HP: 23/37 MP: 6/10
  4336 | D:4      | Identified the +3 sling "Zann" {vorpal, Dex+4}
  4527 | D:4      | Identified the +3 sling "Lutaixum" {venom, rElec rN+}
  4593 | D:4      | Reached XP level 6. HP: 36/43 MP: 7/11
  4896 | D:5      | Entered Level 5 of the Dungeon
  4950 | D:5      | Reached skill level 1 in Necromancy
  5258 | D:5      | Reached skill level 1 in Shields
  5258 | D:5      | Reached skill level 1 in Ice Magic
  5496 | D:5      | Reached XP level 7. HP: 49/50 MP: 10/12
  5566 | D:5      | Found a staircase to the Ecumenical Temple.
  5572 | Temple   | Entered the Ecumenical Temple
  5839 | D:5      | Found a broken altar of Ashenzari.
  5840 | D:5      | Found a blossoming altar of Fedhas.
  6406 | D:6      | Noticed a yak
  6406 | D:6      | Noticed a yak
  6406 | D:6      | Noticed a yak
  6406 | D:6      | Noticed a yak
  6581 | D:6      | Found Anogum's Distillery.
  7012 | D:6      | Killed a yak
  7013 | D:6      | Reached XP level 8. HP: 22/57 MP: 9/14
  7469 | D:6      | Found a sparkling altar of Nemelex Xobeh.
  7471 | D:6      | Found a shadowy altar of Dithmenos.
  7472 | D:6      | Found a shimmering blue altar of Sif Muna.
  7476 | D:6      | Became a worshipper of Sif Muna the Loreminder
  7906 | D:6      | Reached skill level 1 in Ranged Weapons
  8091 | D:6      | Found an iron altar of Okawaru.
  8091 | D:6      | Found a bloodstained altar of Trog.
  8560 | D:7      | Reached XP level 9. HP: 55/64 MP: 12/15
  8605 | D:7      | Noticed Maggie
  8619 | D:7      | Killed Maggie
  8973 | D:7      | Reached * piety under Sif Muna
  9489 | D:7      | Learned a level 2 spell: Poisonous Vapours
  9810 | D:7      | Reached skill level 5 in Spellcasting
 10119 | D:8      | Found a hazy altar of Hepliaklqana.
 10304 | D:8      | Found a staircase to the Lair.
 10310 | D:8      | Reached XP level 10. HP: 53/72 MP: 14/17
 10397 | D:8      | Found Sach's Weapon Emporium.
 10700 | D:8      | Reached skill level 1 in Poison Magic
 11165 | D:9      | Found a snail-covered altar of Cheibriados.
 11262 | D:9      | Reached ** piety under Sif Muna
 11587 | D:9      | Learned a level 3 spell: Mephitic Cloud
 11730 | D:9      | Reached skill level 1 in Air Magic
 12220 | D:10     | Entered Level 10 of the Dungeon
 12700 | D:10     | Reached skill level 5 in Conjurations
 12700 | D:10     | Reached skill level 5 in Summonings
 13046 | D:10     | Reached skill level 5 in Necromancy
 13153 | D:10     | Reached skill level 5 in Dodging
 13178 | D:10     | Reached *** piety under Sif Muna
 13258 | D:10     | Reached XP level 11. HP: 64/78 MP: 12/19
 13616 | D:11     | Noticed a six-headed hydra
 13631 | D:11     | Slain by a six-headed hydra

Illustrated notes

Levels and vault maps discovered:
D:1:      onia_arrival_zoo_common, layout_loops_ring,
          shapermc_ecumenical_altar_ellora, minmay_ruptured
D:2:      layout_loops_cross
D:3:      layout_basic, general_overflow_altar, dk_noncrumbling_4, st_stairs_4
D:4:      layout_rooms, st_stairs_12
D:5:      layout_basic, chequers_temple_overflow_statue_of_worship,
          temple_statues, chequers_arboretum
D:6:      layout_cave_pods, grunt_temple_overflow_bloody_war, minitemple,
          gup_sewer_entry_bubbles, serial_shops, nicolae_take_the_stairs
D:7:      layout_loops_ring, uniq_maggie
D:8:      layout_rooms, mainiacjoe_overflow_small_starburst,
          mainiacjoe_overflow_chevrons, grunt_lair_entry_orc_guard_hut,
          serial_shops, nicolae_shop_crystal, minmay_quadrilaterals
D:9:      layout_basic, kennysheep_slug_shrine
D:10:     layout_loops_ring, serial_ice, serial_ice_o, serial_ice_b,
          serial_ice_m, serial_ice_i
D:11:     layout_basic, special_room [special_room_orc]
Temple:   grunt_temple_mini_profane

Skill      XL: |  1  2  3  4  5  6  7  8  9 10 |
---------------+-------------------------------+-----
Translocations | 1 2 3 4 |  4.6
Dodging        | 2 3 4 5 |  5.0
Conjurations   | 2 3 4 5 |  5.2
Fighting       | 1 2 3 4 |  4.9
Armour         | 1 2 3 4 |  4.5
Summonings     | 2 3 4 5 |  5.1
Necromancy     | 1 2 3 4 5 |  5.3
Shields        | 1 2 3 4 |  4.2
Ice Magic      | 1 2 3 4 |  4.1
Spellcasting   | 4 5 |  5.6
Ranged Weapons | 1 2 3 |  3.5
Poison Magic   | 2 |  2.3
Air Magic      | 2 |  2.0
Stealth        | |  1.7

Action                   |  1- 3 |  4- 6 |  7- 9 | 10-12 || total
-------------------------+-------+-------+-------+-------++-------
Melee: Dagger            |    76 |    19 |       |       ||    95
       Flail             |       |    15 |       |       ||    15
       Tailslap          |       |     1 |       |     2 ||     3
       Sling             |       |       |     1 |       ||     1
       Trident           |       |       |       |     4 ||     4
 Fire: Sling             |       |    61 |   186 |   203 ||   450
 Cast: Magic Dart        |   122 |    34 |     6 |    15 ||   177
       Freeze            |       |    48 |   131 |    66 ||   245
       Call Imp          |       |     3 |    21 |    21 ||    45
       Blink             |       |     3 |     5 |     2 ||    10
       Poisonous Vapours |       |       |     2 |       ||     2
       Mephitic Cloud    |       |       |       |     7 ||     7
  Use: Potion            |     3 |     2 |     1 |       ||     6
       Scroll            |       |     8 |     5 |     2 ||    15
 Stab: Paralysed         |     4 |    19 |       |     3 ||    26
       Sleeping          |     1 |       |       |       ||     1
Armor: Robe              |    16 |    15 |    11 |       ||    42
       Steam dragon scal |       |       |    12 |    26 ||    38
Dodge: Dodged            |    60 |    62 |   121 |   113 ||   356
Block: Buckler           |       |     8 |    41 |    38 ||    87
